 Dungeon Crawl Stone Soup version 0.29-a0-648-g6b26cc9f40 (webtiles) character file.

Game seed: 12201803446916992706

12301 DocClef the Severer (level 11, -3/110 HPs)
             Began as a Minotaur Fighter on June 20, 2022.
             Was an Elder of Trog.
             Killed from afar by an electric eel (9 damage)
             ... with a bolt of electricity
             ... on level 10 of the Dungeon.
             The game lasted 00:12:42 (12230 turns).

DocClef the Severer (Minotaur Fighter)             Turns: 12230, Time: 00:12:42

Health: -3/110     AC: 12    Str: 26    XL:     11   Next: 60%
Magic:  10/10      EV: 10    Int:  5    God:    Trog [****..]
Gold:   601        SH:  4    Dex:  9    Spells: 10/10 levels left

rFire   . . .      SeeInvis .   E - +2 war axe (drain)
rCold   . . .      Faith    .   c - +0 buckler
rNeg    . . .      Spirit   .   F - +0 swamp dragon scales
rPois   +          Reflect  .   (helmet restricted)
rElec   .          Harm     .   k - +2 cloak
rCorr   .          Rampage  .   x - +0 pair of gloves
Will    ++...                   (no boots)
Stlth   ..........              (no amulet)
HPRegen 1.28/turn               (no ring)
MPRegen 0.12/turn               (no ring)

@: strong-willed, regenerating
A: horns 2, retaliatory headbutt
a: Renounce Religion, Berserk, Trog's Hand, Brothers in Arms


You were on level 10 of the Dungeon.
You worshipped Trog.
Trog was greatly pleased with you.
You visited 2 branches of the dungeon, and saw 11 of its levels.
You also visited: Sewer and Ossuary.

You collected 601 gold pieces.

Inventory:

Hand Weapons
 a - a +1 war axe
 E - a +2 war axe of draining (weapon)
Armour
 b - a +0 scale mail
 c - a +0 buckler (worn)
 k - a +2 cloak (worn)
 x - a +0 pair of gloves (worn)
 y - +1 steam dragon scales
 F - +0 swamp dragon scales (worn)
Jewellery
 m - a +6 ring of intelligence
 A - an amulet of faith
 H - a +4 ring of evasion
Wands
 z - a wand of flame (24)
 G - a wand of paralysis (18)
Scrolls
 l - 6 scrolls of teleportation
 n - a scroll of blinking {unknown}
 r - 6 scrolls of identify
 s - 2 scrolls of enchant armour
 t - a scroll of magic mapping
 C - a scroll of amnesia {unknown}
 D - a scroll of enchant weapon
Potions
 d - 6 potions of might
 f - 6 potions of heal wounds
 g - 2 potions of mutation {unknown}
 h - 9 potions of curing {unknown}
 i - 2 potions of resistance
 j - 3 potions of attraction
 o - 4 potions of degeneration {unknown}
 p - 3 potions of haste {unknown}
 q - a potion of cancellation {unknown}
 u - 5 potions of lignification {unknown}
 v - 3 potions of flight {unknown}
 B - a potion of invisibility {unknown}


   Skills:
 + Level 14.2 Fighting
 - Level 17.2 Axes
 - Level 3.6 Armour
 - Level 3.6 Shields


You had 10 spell levels left.
You didn't know any spells.
Your spell library was empty.

Dungeon Overview and Level Annotations

Branches:
Dungeon (10/15)            Temple (1/1) D:6             Orc (0/2) D:9
  Sewer (visited)         Ossuary (visited)
   Lair: D:8-11

Altars:
Ashenzari
Cheibriados
Dithmenos
Elyvilon
Fedhas
Gozag
Hepliaklqana
Kikubaaqudgha
Makhleb
Nemelex Xobeh
Okawaru
Qazlal
Ru
Sif Muna
Trog
Uskayaw
Vehumet
Wu Jian
Xom
Yredelemnul
Zin
The Shining One

Shops:
D:5 (   D:9 *


Innate Abilities, Weirdness & Mutations

You have a pair of horns on your head.
You reflexively headbutt those who attack you in melee.


Message History

The electric eel shoots out a bolt of lightning at you!
The bolt of electricity hits the electric eel.
The electric eel completely resists.
The bolt of electricity hits you.
You barely miss the electric eel.
The electric eel shoots out a bolt of lightning at you!
The bolt of electricity hits the electric eel.
The electric eel completely resists.
The bolt of electricity hits you!
You slash the electric eel! You drain the electric eel.
The electric eel is almost dead.
You hit the electric eel.
The electric eel shoots out a bolt of lightning at you!
The bolt of electricity hits the electric eel.
The electric eel completely resists.
The bolt of electricity hits you!
Unknown command.
You are too injured to fight recklessly!
You hit the electric eel.
You kill the electric eel!
Trog accepts your kill.
You hear a splash.
You closely miss the electric eel.
The electric eel shoots out a bolt of lightning at you!
The bolt of electricity hits you!
Your skin crawls.
You feel strong-willed.
The electric eel shoots out a bolt of lightning at you!
The bolt of electricity hits you!
* * * LOW HITPOINT WARNING * * *
The bolt of electricity hits you!
* * * LOW HITPOINT WARNING * * *
The electric eel shoots out a bolt of lightning at you!
The bolt of electricity hits you.
* * * LOW HITPOINT WARNING * * *
The electric eel shoots out a bolt of lightning at you!
The bolt of electricity hits you!
* * * LOW HITPOINT WARNING * * *
As you read the scroll of fog, it crumbles to dust.
The scroll dissolves into smoke.
The electric eel shoots out a bolt of lightning at you!
The bolt of electricity hits you!
You die...

≈≈≈≈≈≈≈≈≈≈≈≈≈≈≈
≈≈≈≈≈≈≈ ≈≈≈≈≈≈≈
≈≈≈≈≈≈≈ ≈≈≈≈≈≈≈
≈≈≈≈≈≈≈ ≈≈≈≈≈≈#
≈≈≈≈≈≈≈ ≈≈≈≈≈≈≈
≈≈≈≈≈≈≈#≈≈≈≈≈
≈≈≈≈≈§§§§§≈#
#≈≈≈S§SS§≈# #@#
. # #.
#§######...#
#..#§§........#
#..#........###
#..#........#
#..#.########
#.........#
#.........#
#.........#


You could see 3 electric eels.

Vanquished Creatures
  2 centaur warriors (D:9)
  3 two-headed ogres
  Nergalle (D:10)
  A manticore (D:9)
  2 ugly things (D:9)
  A cyclops (D:9)
  Maggie (D:8)
  2 trolls
  A hornet (D:9)
  4 yaks
  Sigmund (D:3)
  3 wyverns
  3 steam dragons
  A vampire mosquito (D:8)
  An acid dragon (D:9)
  An ice beast (D:6)
  A sky beast (D:6)
  2 orc warriors
  A black bear (D:5)
  3 centaurs
  4 ogres
  A phantom (D:6)
  5 kobold brigands
  4 bullfrogs
  4 necrophages
  8 scorpions
  5 wights (D:7)
  12 killer bees (D:9)
  4 howler monkeys
  An electric eel (D:10)
  A hound (D:4)
  2 centaur zombies (Ossuary)
  4 jellies
  7 orc priests
  6 iguanas
  7 orc wizards
  3 ogre zombies (Ossuary)
  7 mummies (Ossuary)
  8 gnolls
  7 river rats (Sewer)
  9 adders
  2 shadow imps
  2 white imps
  2 ufetubi (D:7)
  2 worms (D:3)
  20 orcs
  2 bats (D:3)
  3 endoplasms (D:2)
  2 giant cockroaches
  A gnoll zombie (Ossuary)
  6 goblins
  6 hobgoblins
  5 quokkas (D:3)
  9 ball pythons
  2 frilled lizards
  6 goblin zombies (Ossuary)
  4 hobgoblin zombies (Ossuary)
  30 kobolds
  5 kobold zombies (Ossuary)
  A quokka zombie (Ossuary)
  17 rats
  8 rat zombies (Ossuary)
279 creatures vanquished.

Vanquished Creatures (others)
  8 fungi (D:5)
  4 toadstools (D:1)
12 creatures vanquished.

Grand Total: 291 creatures vanquished

Notes
Turn   | Place    | Note
-------+----------+-------------------------------------------
     0 | D:1      | DocClef the Minotaur Fighter began the quest for the Orb.
     0 | D:1      | Reached XP level 1. HP: 19/19 MP: 0/0
    77 | D:1      | Found a faded altar of an unknown god.
   273 | D:1      | Reached XP level 2. HP: 24/28 MP: 1/1
   688 | D:2      | Reached skill level 5 in Fighting
   688 | D:2      | Reached XP level 3. HP: 29/36 MP: 2/2
   779 | D:2      | Found a bloodstained altar of Trog.
   802 | D:2      | Became a worshipper of Trog the Wrathful
  1232 | D:3      | Found a glowing drain.
  1236 | Sewer    | Entered a sewer
  1283 | Sewer    | Reached XP level 4. HP: 44/44 MP: 3/3
  1611 | Sewer    | Noticed a kobold brigand
  1619 | Sewer    | Killed a kobold brigand
  1620 | Sewer    | Reached XP level 5. HP: 52/52 MP: 4/4
  1652 | Sewer    | Reached * piety under Trog
  2081 | Sewer    | Reached ** piety under Trog
  2278 | D:3      | Reached XP level 6. HP: 56/61 MP: 5/5
  2395 | D:3      | Noticed Sigmund
  2816 | D:3      | Killed Sigmund
  3170 | D:4      | Reached XP level 7. HP: 45/70 MP: 6/6
  3589 | D:4      | Found a sand-covered staircase.
  3612 | Ossuary  | Entered an ossuary
  3649 | Ossuary  | Reached skill level 10 in Fighting
  3667 | Ossuary  | Reached *** piety under Trog
  4582 | D:5      | Entered Level 5 of the Dungeon
  4771 | D:3      | Reached XP level 8. HP: 67/82 MP: 7/7
  4957 | D:5      | Reached skill level 3 in Axes
  5068 | D:5      | Reached skill level 4 in Axes
  5127 | D:5      | Reached skill level 5 in Axes
  5288 | D:5      | Reached skill level 6 in Axes
  5391 | D:5      | Reached skill level 7 in Axes
  5591 | D:5      | Reached **** piety under Trog
  5594 | D:5      | Reached skill level 8 in Axes
  5706 | D:5      | Found Cyjyce's Weapon Shop.
  5719 | D:5      | Reached XP level 9. HP: 44/90 MP: 8/8
  5880 | D:5      | Reached skill level 9 in Axes
  6445 | D:6      | Found a staircase to the Ecumenical Temple.
  6456 | Temple   | Entered the Ecumenical Temple
  6946 | D:6      | Reached skill level 10 in Axes
  7585 | D:6      | Reached skill level 11 in Axes
  7856 | D:7      | Reached skill level 12 in Axes
  8435 | D:7      | Found an opulent altar of Gozag.
  8542 | D:7      | Reached XP level 10. HP: 89/95 MP: 9/9
  8679 | D:8      | Reached skill level 13 in Axes
  9222 | D:8      | Noticed a two-headed ogre
  9232 | D:8      | Killed a two-headed ogre
  9233 | D:8      | Reached skill level 14 in Axes
  9527 | D:8      | Noticed Maggie
  9542 | D:8      | Killed Maggie
  9830 | D:9      | Reached skill level 15 in Axes
  9868 | D:9      | You fall into a shaft and drop 1 floor!
  9868 | D:10     | Entered Level 10 of the Dungeon
 10246 | D:9      | Found Utse's General Store.
 10698 | D:9      | Found a staircase to the Orcish Mines.
 10800 | D:9      | Noticed a manticore
 10802 | D:9      | Noticed a green ugly thing
 10802 | D:9      | Noticed a centaur warrior
 10802 | D:9      | Identified the +5 spear of Annihilation {vorpal, Int+4}
 10803 | D:9      | Noticed a white ugly thing
 10806 | D:9      | Noticed a cyclops
 10807 | D:9      | Killed a manticore
 10808 | D:9      | Reached skill level 16 in Axes
 10811 | D:9      | Noticed a centaur warrior
 10812 | D:9      | Killed a centaur warrior
 10813 | D:9      | Reached XP level 11. HP: 72/104 MP: 10/10
 11041 | D:9      | Identified the +1 scale mail of Intense Knowledge {rPois
                  | Regen+ Str+4}
 11047 | D:9      | Killed a centaur warrior
 11048 | D:9      | Reached skill level 17 in Axes
 11499 | D:9      | Killed a purple ugly thing
 11501 | D:9      | Killed a brown ugly thing
 11553 | D:9      | Noticed a skeletal warrior
 11707 | D:10     | Noticed a two-headed ogre
 11728 | D:10     | Killed a two-headed ogre
 12069 | D:10     | Noticed Nergalle
 12083 | D:10     | Killed Nergalle
 12104 | D:10     | Noticed a two-headed ogre
 12110 | D:10     | Killed a two-headed ogre
 12229 | D:10     | HP: 5/110 [electric eel/bolt of electricity (13)]
 12230 | D:10     | Killed from afar by an electric eel

Illustrated notes

Levels and vault maps discovered:
D:1:      ldierk_water_garden, layout_basic,
          dreamdust_ecumenical_altar_hidden_monk_grotto
D:2:      layout_basic, basic_altar, columned_hall_lemuel
D:3:      wad_crossroads, layout_loops_cross, gup_sewer_entry_bowl,
          chequers_serial_rivers_small_3, minmay_diced_spiral, uniq_sigmund
D:4:      layout_gridville, nicolae_ossuary_entry_false_entrances,
          nicolae_elevator_lobby_plus
D:5:      kennysheep_steamy, layout_basic, serial_shops,
          nicolae_shop_bloodbath_and_beyond
D:6:      layout_basic, minmay_temple_entry_arrows, kennysheep_generic_room_11
D:7:      layout_rooms, mainiacjoe_overflow_cross_hatched,
          kennysheep_crisscross, minmay_circle_x
D:8:      layout_loops_ring, uniq_maggie
D:9:      minmay_the_grid_octo_triangle [minmay_the_grid_octo_empty,
          minmay_the_grid_octo_prize_big_c, minmay_the_grid_octo_pinwheel],
          layout_loops_ring, orc_0_dummy, serial_shops, shop,
          nicolae_stop_n_shop_2, shop_fountains, shop
D:10:     layout_basic, uniq_nergalle
Temple:   nicolae_temple_the_god_donut

Skill      XL: |  1  2  3  4  5  6  7  8  9 10 11 |
---------------+----------------------------------+-----
Fighting       | 4 5 6 7 8 9 11 12 14 | 14.2
Axes           | 8 12 16 17 | 17.2
Armour         | |  3.6
Shields        | |  3.6

Action                   |  1- 3 |  4- 6 |  7- 9 | 10-12 || total
-------------------------+-------+-------+-------+-------++-------
Melee: War axe           |    51 |   149 |   317 |   190 ||   707
       Headbutt          |     8 |    22 |    57 |    29 ||   116
Invok: Trog's Hand       |       |     1 |     6 |     6 ||    13
Evoke: Wand              |       |       |       |     3 ||     3
  Use: Scroll            |     3 |     7 |     7 |     2 ||    19
 Stab: Paralysed         |       |       |       |     2 ||     2
Armor: Scale mail        |    17 |    83 |   104 |       ||   204
       Steam dragon scal |       |       |    62 |     7 ||    69
       Swamp dragon scal |       |       |       |    55 ||    55
Dodge: Dodged            |    27 |    85 |   133 |   101 ||   346
Block: Buckler           |    14 |    33 |    64 |    30 ||   141

Table legend: (Time is in decaauts)
 A = Elapsed time spent in this place.
 B = Non-inter-level travel time spent in this place.
 C = Inter-level travel time spent in this place.
 D = Time resting spent in this place.
 E = Time spent auto-exploring this place.
 F = Levels seen in this place.
 G = Mean time per level.
                   A        B        C        D        E       F      G
               +--------+--------+--------+--------+--------+-----+--------+
         Total |  12390 |  12119 |    271 |   1915 |   8300 |  13 |  953.1 |
       Dungeon |  10366 |  10111 |    255 |   1238 |   7428 |  10 | 1036.6 |
        Temple |    321 |    305 |     16 |      0 |    289 |   1 |  321.0 |
         Sewer |   1072 |   1072 |      0 |    480 |    338 |   1 | 1072.0 |
       Ossuary |    629 |    629 |      0 |    197 |    245 |   1 |  629.0 |
               +--------+--------+--------+--------+--------+-----+--------+

Top non-repeatable levels by time:
     D:5: 1604 daAuts
     D:8: 1578 daAuts
     D:3: 1100 daAuts
   Sewer: 1072 daAuts
    D:10: 1024 daAuts
     D:7: 1023 daAuts
     D:4: 946 daAuts
     D:9: 916 daAuts
     D:6: 905 daAuts
     D:2: 653 daAuts
 Ossuary: 629 daAuts
     D:1: 615 daAuts
  Temple: 321 daAuts
